 Dungeon Crawl Stone Soup version 0.23-a0-767-gdc19b93d68 (webtiles) character file.

3922 Jannitor the Covert (level 10, -8/51 HPs)
             Began as a Vine Stalker Wanderer on Jan 21, 2019.
             Was a Plaything of Xom.
             Mangled by an iguana (13 damage)
             ... on level 8 of the Dungeon.
             The game lasted 00:14:50 (5456 turns).

Jannitor the Covert (Vine Stalker Wanderer)         Turns: 5456, Time: 00:14:51

Health: -8/51      AC: 14    Str: 14    XL:     10   Next: 20%
Magic:  0/15       EV: 13    Int: 16    God:    Xom [*.....]
Gold:   176        SH:  0    Dex: 19    Spells: 12/13 levels left

rFire    + . .     SeeInvis .   F - +5 rapier (venom)
rCold    . . .     Gourm    .   (no shield)
rNeg     . . .     Faith    .   e - +3 leather armour {rF+}
rPois    .         Spirit   +   o - +2 helmet
rElec    .         Reflect  .   O - +0 cloak
rCorr    .         Harm     .   n - +0 pair of gloves
MR       +....                  l - +0 pair of boots
Stlth    ++++......             D - amulet of regeneration
HPRegen  0.97/turn              k - +3 ring of intelligence
MPRegen  0.14/turn              E - +3 ring of protection

@: very slightly contaminated
A: fangs 3, agile 1, blurry vision 1, deformed body, regeneration 1, magic
shield, antimagic bite, no potion heal 3, rot immunity
a: Renounce Religion


You were on level 8 of the Dungeon.
You worshipped Xom.
You were a special plaything of Xom.
You were not hungry.

You visited 2 branches of the dungeon, and saw 9 of its levels.

You collected 489 gold pieces.
You spent 313 gold pieces at shops.

Inventory:

Hand Weapons
 a - a +2 dagger
 c - a +0 quarterstaff
 g - a +2 dagger of holy wrath
 j - a +1 dagger of speed
 F - a +5 rapier of venom (weapon)
Missiles
 Q - 4 throwing nets (quivered)
Armour
 e - a +3 leather armour of fire resistance (worn)
 l - a +0 pair of boots (worn)
 n - a +0 pair of gloves (worn)
 o - a +2 helmet (worn)
 z - the +1 robe "Pumy" {Stlth+}
   (You found it on level 4 of the Dungeon)

   It makes you more stealthy.
 O - a +0 cloak (worn)
Jewellery
 k - a +3 ring of intelligence (left hand)
 A - an uncursed ring of positive energy {unknown}
 D - an amulet of regeneration (around neck)
 E - a +3 ring of protection (right hand)
 I - an uncursed ring of flight
 T - a cursed -6 ring of evasion {unknown}
Wands
 s - a wand of scattershot (5)
 x - a wand of clouds (3)
 H - a wand of acid (16)
 M - a wand of random effects (21)
 P - a wand of iceblast (8)
Scrolls
 b - a scroll of blinking
 d - 14 scrolls of teleportation
 i - a scroll of immolation {unknown}
 q - 3 scrolls of fog {unknown}
 r - 2 scrolls of noise {unknown}
 t - 4 scrolls of random uselessness {unknown}
 v - 10 scrolls of identify
 w - 2 scrolls of enchant weapon {unknown}
 y - 5 scrolls of remove curse
 B - 2 scrolls of fear {unknown}
 G - 2 scrolls of enchant armour {unknown}
 S - a scroll of amnesia
 U - a scroll of silence {unknown}
Potions
 h - 2 potions of haste
 m - a potion of lignification
 u - 3 potions of curing
 C - 2 potions of heal wounds {unknown}
 J - 2 potions of mutation {unknown}
 K - 4 potions of agility
 L - a potion of resistance
 N - a potion of berserk rage
 R - a potion of flight {unknown}
Comestibles
 f - 17 rations
 p - 4 chunks of flesh


   Skills:
 + Level 5.0 Fighting
 + Level 6.1 Short Blades
   Level 1.0(3.9) Long Blades
 - Level 1.0 Throwing
 + Level 2.8 Armour
 - Level 3.2 Dodging
 + Level 8.1 Stealth
 - Level 2.1 Spellcasting
   Level 1.0 Conjurations
 + Level 4.3 Hexes
 + Level 6.3 Evocations


You had 12 spell levels left.
You knew the following spells:

 Your Spells              Type           Power        Failure   Level  Hunger
a - Confusing Touch       Hex            ###...       4%          1    #......

Your spell library contained the following spells:

 Spells                   Type           Power        Failure   Level  Hunger
 Animate Skeleton         Necr           N/A          26%         1    #......
 Apportation              Tloc           #.....       26%         1    #......
 Summon Small Mammal      Summ           #...         26%         1    #......


Dungeon Overview and Level Annotations

Branches:
Dungeon (8/15)             Temple (1/1) D:5            Lair (0/6) D:8

Altars:
Dithmenos
Fedhas
Makhleb
Nemelex Xobeh
Sif Muna
Vehumet
Xom
The Shining One
Beogh

Shops:
D:6 ![(

Annotations:
D:7 3 runed doors, domsik's ghost, novice DEFE


Innate Abilities, Weirdness & Mutations

You have razor-sharp teeth.
Your natural rate of healing is unusually fast.
When hurt, damage is shared between your health and your magic reserves.
Your bite disrupts and absorbs the magic of your enemies.
Potions cannot restore your health.
You are immune to rotting.
You are agile. (Dex +2)
Scrolls take you a little longer to read.
Armour fits poorly on your strangely shaped body.


Message History

* * * LOW HITPOINT WARNING * * *
You hear Xom's avuncular chuckle.
The iguana seems to grow stronger.
The iguana hisses angrily.
Xom opens a gate.
The iguana bites you!
* * * LOW HITPOINT WARNING * * *
Xom thinks this is hilarious!
You emit a cloud of colourful smoke!
Really read with blurry vision while enemies are nearby?
Uppercase [Y]es or [N]o only, please.
Really read with blurry vision while enemies are nearby?
Uppercase [Y]es or [N]o only, please.
Really read with blurry vision while enemies are nearby?
Okay, then.
Really read with blurry vision while enemies are nearby?
Your hands stop glowing.
You begin reading the scroll.
You continue reading the scroll.
The iguana bites you!
You die...
Xom thinks this is hilarious!

.#####.....# #..# #)
.#####.....####### ####
#. ................>##
#. .............#.....
#. ......#......#....
######.
......#......#....
#<.....
.....)#......##..#
#######
......#......##§l#
......#......###@######
......#######..5§§....#
...#### #......%..#
...# #...Y.....# ...#
#...c$....# ...#
#.....(...# ...#
#......(..# ...#
#....)..(.# ...#
#......(..#


You could see a yak, a centaur, an iguana and a friendly shadow imp.

Vanquished Creatures
  A two-headed ogre (D:8)
  A hippogriff (D:7)
  A spriggan (D:7)
  Sigmund (D:4)
  Duvessa (D:6)
  An ice beast (D:8)
  2 phantoms (D:6)
  5 ogres
  A sky beast (D:8)
  A necrophage (D:7)
  2 centaurs (D:6)
  3 bullfrogs
  Dowan (D:6)
  A howler monkey (D:4)
  2 crimson imps
  A jelly (D:6)
  5 hounds
  A bullfrog skeleton (D:8)
  3 orc priests
  3 orc wizards
  An iguana (D:4)
  5 worker ants
  A worker ant zombie (D:6)
  Robin (D:2)
  10 gnolls
  5 adders
  2 oozes
  An adder zombie (D:8)
  3 worms
  An adder skeleton (D:4)
  2 dart slugs (D:2)
  3 leopard geckos
  9 orcs
  A ball python (D:1)
  7 bats
  3 giant cockroaches
  9 hobgoblins
  13 jackals
  4 kobolds
  3 quokkas
  6 frilled lizards
  20 goblins
  A jackal zombie (D:8)
  A leopard gecko skeleton (D:5)
  A leopard gecko zombie (D:5)
  2 quokka skeletons
  8 rats
160 creatures vanquished.

Vanquished Creatures (collateral kills)
  Harold (D:7)
  An orc warrior (D:7)
  2 orc wizards (D:7)
4 creatures vanquished.

Grand Total: 164 creatures vanquished

Notes
Turn   | Place    | Note
-------+----------+-------------------------------------------
     0 | D:1      | Jannitor the Vine Stalker Wanderer began the quest for the
                  | Orb.
     0 | D:1      | Jannitor set off with the following items: a +2 dagger, a
                  | scroll of blinking, a +0 quarterstaff, a scroll of
                  | teleportation, a +0 robe, a ration
     0 | D:1      | Reached XP level 1. HP: 10/10 MP: 4/4
    26 | D:1      | Reached XP level 2. HP: 8/14 MP: 4/6
   260 | D:1      | Reached skill level 1 in Short Blades
   495 | D:1      | Reached skill level 4 in Stealth
   495 | D:1      | Reached XP level 3. HP: 16/18 MP: 7/7
   815 | D:1      | Found a glowing golden altar of the Shining One.
   932 | D:2      | Gained mutation: Your natural rate of healing is unusually
                  | fast. [Vine Stalker growth]
   932 | D:2      | Reached XP level 4. HP: 18/23 MP: 8/8
  1179 | D:2      | Found a faded altar of an unknown god.
  1456 | D:2      | Reached XP level 5. HP: 26/26 MP: 9/9
  1691 | D:3      | Noticed Robin
  1865 | D:2      | Killed Robin
  1988 | D:3      | Found a shadowy altar of Dithmenos.
  1989 | D:3      | Found a radiant altar of Vehumet.
  2041 | D:3      | You fall through a shaft!
  2217 | D:4      | Noticed Sigmund
  2221 | D:4      | Killed Sigmund
  2221 | D:4      | Reached skill level 5 in Stealth
  2221 | D:4      | Reached XP level 6. HP: 31/32 MP: 10/10
  2402 | D:3      | Learned a level 1 spell: Confusing Touch
  2673 | D:4      | Got a sheer robe
  2684 | D:4      | Identified the +1 robe "Pumy" {Stlth+} (You found it on
                  | level 4 of the Dungeon)
  2725 | D:5      | Entered Level 5 of the Dungeon
  2772 | D:5      | Found a staircase to the Ecumenical Temple.
  2801 | Temple   | Entered the Ecumenical Temple
  2811 | Temple   | Became a worshipper of Xom of Chaos
  2846 | D:5      | Found a sparkling altar of Nemelex Xobeh.
  2846 | D:5      | Found a deep blue altar of Sif Muna.
  2913 | D:5      | XOM: potion effect (invisibility)
  2917 | D:5      | Reached XP level 7. HP: 29/36 MP: 11/11
  2994 | D:5      | Reached skill level 1 in Hexes
  3023 | D:5      | XOM: silly message
  3238 | D:5      | XOM: noise
  3481 | D:6      | Found Asoupp's Antique Weapon Emporium.
  3481 | D:6      | XOM: stealth player
  3484 | D:6      | Bought a runed rapier for 126 gold pieces
  3499 | D:6      | Reached skill level 6 in Stealth
  3528 | D:6      | Gained mutation: You have razor-sharp teeth. [Vine Stalker
                  | growth]
  3528 | D:6      | Reached XP level 8. HP: 39/40 MP: 10/12
  3566 | D:6      | XOM: enchant monster (good)
  3581 | D:6      | Reached skill level 1 in Evocations
  3582 | D:6      | XOM: confuse monster(s)
  3619 | D:6      | XOM: silly message
  3736 | D:6      | XOM: mild Erth miscast
  3882 | D:6      | XOM: summons 3 friendly demons
  3950 | D:6      | Found Azemanod's Distillery.
  3969 | D:6      | Bought a potion of berserk rage for 55 gold pieces
  3969 | D:6      | Bought a potion of curing for 33 gold pieces
  4013 | D:6      | Found Ovele's Antique Armour Shop.
  4016 | D:6      | Bought a cloak for 99 gold pieces
  4150 | D:6      | Noticed Duvessa
  4156 | D:6      | Noticed Dowan
  4164 | D:6      | Killed Duvessa
  4164 | D:6      | Reached skill level 5 in Evocations
  4173 | D:6      | Killed Dowan
  4306 | D:6      | Reached skill level 5 in Short Blades
  4306 | D:6      | Reached XP level 9. HP: 44/44 MP: 13/13
  4511 | D:7      | Found a runed gate.
  4511 | D:7      | Found a runed gate.
  4512 | D:7      | Found a roughly hewn altar of Beogh.
  4512 | D:7      | Found a runed gate.
  4512 | D:7      | Noticed domsik's ghost (novice DEFE)
  4624 | D:7      | Reached skill level 1 in Armour
  4665 | D:7      | XOM: give mutations
  4665 | D:7      | Gained mutation: Armour fits poorly on your strangely
                  | shaped body. [Xom's mischief]
  4665 | D:7      | Gained mutation: Scrolls take you a little longer to read.
                  | [Xom's mischief]
  4665 | D:7      | Gained mutation: You are agile. (Dex +2) [Xom's mischief]
  4770 | D:7      | Noticed Harold
  4778 | D:7      | Killed Harold
  4778 | D:7      | Reached skill level 7 in Stealth
  5086 | D:8      | XOM: 1-stop teleportation journey
  5102 | D:8      | XOM: cast spell 'Summon Butterflies'
  5233 | D:8      | XOM: divination: detect creatures
  5261 | D:8      | Found a staircase to the Lair.
  5268 | D:8      | XOM: potion effect (berserk rage)
  5330 | D:8      | Reached XP level 10. HP: 51/51 MP: 15/15
  5434 | D:8      | Noticed a two-headed ogre
  5447 | D:8      | Killed a two-headed ogre
  5447 | D:8      | Reached skill level 5 in Fighting
  5447 | D:8      | Reached skill level 8 in Stealth
  5452 | D:8      | XOM: enchant monster (bad)
  5454 | D:8      | XOM: summons friendly shadow imp
  5454 | D:8      | XOM: smoke on damage
  5456 | D:8      | Mangled by an iguana

Vault maps used:
D:1:      grunt_arrival_lava_bath, tso_altar
D:2:      chequers_ecumenical_altar_island
D:3:      grunt_temple_overflow_open, uniq_robin
D:4:      uniq_sigmund
D:5:      gammafunk_temple_overflow_pools, minmay_temple_entry_stoned_glass,
          first_ration
D:6:      serial_shops, shop, kennysheep_mini_moat, shop, uniq_duvessa
D:7:      biasface_ghost_orc_armoury, the_bakery, uniq_harold
D:8:      lair_entry_dummy
Temple:   compressed_dpeg_circular_temple

Skill      XL: |  1  2  3  4  5  6  7  8  9 10 |
---------------+-------------------------------+-----
Short Blades   | 1 2 3 4 5 6 |  6.1
Stealth        | 4 5 6 7 8 |  8.1
Fighting       | 2 3 4 5 |  5.0
Dodging        | 2 3 |  3.2
Hexes          | 1 2 4 |  4.3
Evocations     | 5 6 |  6.3
Armour         | 2 |  2.8
Long Blades    | |  1.0
Throwing       | |  1.0
Spellcasting   | |  2.1
Conjurations   | |  1.0

Action                   |  1- 3 |  4- 6 |  7- 9 | 10-12 || total
-------------------------+-------+-------+-------+-------++-------
Melee: Dagger            |   106 |   233 |    66 |       ||   405
       Bite              |    24 |    57 |    68 |       ||   149
       Rapier            |       |       |   178 |     4 ||   182
 Cast: Confusing Touch   |       |       |     7 |     1 ||     8
Evoke: Wand              |       |       |       |     1 ||     1
  Use: Scroll            |       |     6 |       |       ||     6
       Potion            |       |     5 |       |       ||     5
 Stab: Sleeping          |     2 |    18 |    13 |     1 ||    34
       Distracted        |       |     1 |       |       ||     1
       Invisible         |       |     1 |       |       ||     1
       Confused          |       |       |     4 |       ||     4
  Eat: Chunk             |       |     7 |     8 |       ||    15
Armor: Robe              |    21 |    60 |    30 |       ||   111
       Leather armour    |       |       |    28 |       ||    28
Dodge: Dodged            |    81 |   134 |   106 |     5 ||   326

Table legend:
 A = Non-vault XP
 B = Vault XP
 C = Vault XP percentage of total XP
 D = Non-vault monster count
 E = Vault monster count
 F = Vault count percentage of total count
                 A         B        C        D         E       F
            +---------+---------+-------+---------+---------+-------
      Total |    4356 |    1247 |  22.3 |     148 |      16 |   9.8
            +---------+---------+-------+---------+---------+-------
        D:1 |      50 |       0 |   0.0 |      27 |       0 |   0.0
        D:2 |     124 |      29 |  19.0 |      33 |       8 |  19.5
        D:3 |      30 |       5 |  14.3 |      13 |       3 |  18.8
        D:4 |     128 |     223 |  63.5 |       8 |       1 |  11.1
        D:5 |     414 |       0 |   0.0 |      15 |       0 |   0.0
        D:6 |    1157 |     236 |  16.9 |      22 |       2 |   8.3
        D:7 |     808 |     754 |  48.3 |      14 |       2 |  12.5
        D:8 |    1645 |       0 |   0.0 |      16 |       0 |   0.0
            +---------+---------+-------+---------+---------+-------
